 Dungeon Crawl Stone Soup version 0.23-a0-558-g30802b1 (webtiles) character file.

53 zishaf the Insei (level 3, -1/21 HPs)
             Began as a Tengu Transmuter on Dec 12, 2018.
             Slain by an adder (2 damage)
             ... on level 3 of the Dungeon.
             The game lasted 00:02:11 (1753 turns).

zishaf the Insei (Tengu Transmuter)                 Turns: 1753, Time: 00:02:11

Health: -1/21      AC:  3    Str: 10    XL:     3   Next: 87%
Magic:  7/7        EV: 12    Int: 14    God:
Gold:   92         SH:  0    Dex: 14    Spells: 3/6 levels left

rFire    . . .     SeeInvis .     - Unarmed
rCold    . . .     Gourm    .   (no shield)
rNeg     . . .     Faith    .   q - +0 leather armour
rPois    .         Spirit   .   (helmet restricted)
rElec    .         Reflect  .   (no cloak)
rCorr    .         Harm     .   (no gloves)
MR       .....                  (boots unavailable)
Stlth    +.........             (no amulet)
HPRegen  0.07/turn              (no ring)
MPRegen  0.10/turn              (no ring)

@: lethally poisoned (-1 -> -14)
A: beak, talons 3
a: no special abilities


You were on level 3 of the Dungeon.
You were not hungry.

You visited 1 branch of the dungeon, and saw 3 of its levels.

You collected 92 gold pieces.

Inventory:

Missiles
 a - 42 arrows
 n - 7 needles of paralysis
Armour
 b - a +0 robe
 q - a +0 leather armour (worn)
Scrolls
 c - 6 scrolls of remove curse {unknown}
 e - a scroll of random uselessness {unknown}
 g - 4 scrolls of teleportation {unknown}
 h - a scroll of immolation {unknown}
 j - a scroll of enchant weapon {unknown}
 l - a scroll of magic mapping {unknown}
 p - a scroll of identify {unknown}
Potions
 f - a potion of heal wounds {unknown}
 i - a potion of flight {unknown}
 k - a potion of curing {unknown}
 o - 2 potions of haste {unknown}
Comestibles
 d - 4 rations


   Skills:
 + Level 1.8 Fighting
 + Level 2.9 Dodging
 - Level 3.2 Unarmed Combat
 - Level 2.0 Spellcasting
 * Level 2.6 Transmutations


You had 3 spell levels left.
You knew the following spells:

 Your Spells              Type           Power        Failure   Level  Hunger
a - Beastly Appendage     Tmut           #.....       11%         1    ##.....
b - Sticks to Snakes      Tmut           #.......     17%         2    ###....

Your spell library contained the following spells:

 Spells                   Type           Power        Failure   Level  Hunger
 Spider Form              Tmut/Pois      #.........   50%         3    ####...
 Ice Form                 Ice/Tmut       #.......     88%         4    #####..
 Blade Hands              Tmut           #.........   97%         5    ######.


Dungeon Overview and Level Annotations

Branches:
Dungeon (3/15)

Altars:
Hepliaklqana


Innate Abilities, Weirdness & Mutations

You have a beak for a mouth.
You have claws for feet.


Message History

The adder poisons you!
You hit the adder but do no damage.
The adder is lightly wounded.
You feel sick. The adder bites you.
You are more poisoned.
The adder poisons you!
You are too injured to fight recklessly!
You closely miss the adder. Your kick misses the adder.
The adder is lightly wounded.
You feel sick. The adder closely misses you. The adder bites you.
* * * LOW HITPOINT WARNING * * *
You hit the adder.
The adder is severely wounded.
* * * LOW HITPOINT WARNING * * *
You feel sick. The adder barely misses you.
You closely miss the adder. Your kick misses the adder. You peck the adder.
The adder is almost dead.
* * * LOW HITPOINT WARNING * * *
You feel sick. The adder bites you.
You die... # #####.# #.S@..# #.##### #$ .. .# .

You could see an adder.

Vanquished Creatures
  3 dart slugs
  3 leopard geckos (D:2)
  3 giant cockroaches
  7 goblins
  2 hobgoblins (D:1)
  A jackal (D:2)
  A ball python (D:1)
  5 bats
  6 frilled lizards
  5 kobolds
  8 rats
44 creatures vanquished.

Notes
Turn   | Place    | Note
-------+----------+-------------------------------------------
     0 | D:1      | zishaf the Tengu Transmuter began the quest for the Orb.
     0 | D:1      | Reached XP level 1. HP: 12/12 MP: 4/4
   341 | D:1      | Reached XP level 2. HP: 16/16 MP: 6/6
   347 | D:1      | Learned a level 2 spell: Sticks to Snakes
   689 | D:1      | Reached XP level 3. HP: 16/20 MP: 7/7
  1652 | D:2      | Found a hazy altar of Hepliaklqana.
  1753 | D:3      | HP: 1/21 [poisoned by an adder]
  1753 | D:3      | Slain by an adder

Vault maps used:
D:1:      lightli_arrival_statuegarden
D:2:      nicolae_overflow_crystal_walls, minmay_cupped
D:3:      kennysheep_generic_room_13, uniq_robin

Skill      XL: |  1  2 |
---------------+-------+-----
Transmutations | 2 |  2.6
Fighting       | |  1.8
Dodging        | |  2.9
Unarmed Combat | |  3.2
Spellcasting   | |  2.0

Action                   || total
-------------------------++-------
Melee: Unarmed           ||   115
       Peck              ||    11
       Kick              ||    26
       Punch             ||     1
       Headbutt          ||     2
 Cast: Beastly Appendage ||     1
 Stab: Sleeping          ||     1
  Eat: Chunk             ||     3
Armor: Robe              ||    16
       Leather armour    ||     1
Dodge: Dodged            ||    73

Table legend:
 A = Non-vault XP
 B = Vault XP
 C = Vault XP percentage of total XP
 D = Non-vault monster count
 E = Vault monster count
 F = Vault count percentage of total count
                 A         B        C        D         E       F
            +---------+---------+-------+---------+---------+-------
      Total |      68 |       8 |  10.5 |      40 |       4 |   9.1
            +---------+---------+-------+---------+---------+-------
        D:1 |      35 |       0 |   0.0 |      21 |       0 |   0.0
        D:2 |      33 |       8 |  19.5 |      19 |       4 |  17.4
            +---------+---------+-------+---------+---------+-------
